[Event "Team 45 45 League T98"]
[Site "Internet Chess Club"]
[Date "2023.12.09"]
[Round "4"]
[White "VictorRed"]
[Black "Fischeresque930"]
[Result "0-1"]
[WhiteElo "1671"]
[BlackElo "2046"]
[Opening "Queen's pawn game, Darooha variation "]
[ECO "D02"]
[Time "20:00:59"]
[PlyCount "72"]
[TimeControl "2700+45"]

1. d4 d5 2. Nf3 Nf6 3. g3 c6 4. Bg2 Bf5 5. O-O h6 6. Nc3 e6 7. Nd2 Qb6 8. e4
dxe4 9. Ndxe4 Nbd7 10. Nxf6+ Nxf6 11. b3 Bd6 12. Re1 O-O 13. Be3 Qc7 14. Ne2 Qe7
15. c4 Rfd8 16. Qc1 Ba3 17. Qd2 Bb4 18. Nc3 Rac8 19. Red1 Ne4 20. Bxe4 Bxe4 21.
a3 Bxc3 22. Qxc3 Qf6 23. Bf4 g5 24. Be5 Qf5 25. Re1 Bf3 26. Re3 g4 27. Qe1 h5
28. Bf4 Rxd4 29. Re5 Qc2 30. Rg5+ Kf8 31. Qb4+ c5 32. Qe1 Rcd8 33. Rxh5 Rd1 34.
Rh8+ Ke7 35. Bg5+ f6 36. Rh7+ Qxh7 {White resigns} 0-1

[Event "Team 45 45 League T98"]
[Site "Internet Chess Club"]
[Date "2023.12.08"]
[Round "4"]
[White "vollmerj"]
[Black "Signofthetimes"]
[Result "1/2-1/2"]
[WhiteElo "1542"]
[BlackElo "1557"]
[Opening "Réti opening"]
[ECO "A04"]
[Time "09:00:31"]
[PlyCount "55"]
[TimeControl "2700+45"]

1. Nf3 c6 2. d4 d5 3. c3 Nf6 4. g3 Bg4 5. Bg2 Nbd7 6. O-O e6 7. Nbd2 Bd6 8. Re1
Qc7 9. e4 dxe4 10. Nxe4 Nxe4 11. Rxe4 Bh5 12. Re1 O-O-O 13. Qa4 Bxf3 14. Bxf3
Kb8 15. Be3 Nb6 16. Qa5 Nc4 17. Qxc7+ Kxc7 18. b3 Nxe3 19. Rxe3 h5 20. h4 Rdg8
21. c4 g5 22. Kh1 gxh4 23. gxh4 Kd7 24. Rd1 Kc7 25. d5 e5 26. dxc6 bxc6 27. Red3
Rd8 28. Be4 {Game drawn by mutual agreement} 1/2-1/2

[Event "Team 45 45 League T98"]
[Site "Internet Chess Club"]
[Date "2023.12.09"]
[Round "4"]
[White "Pawnchain"]
[Black "Gilguli"]
[Result "1-0"]
[WhiteElo "1427"]
[BlackElo "1439"]
[Opening "Old Benoni defense"]
[ECO "A43"]
[Time "16:05:16"]
[PlyCount "53"]
[TimeControl "2700+45"]

1. d4 c5 2. dxc5 Qa5+ 3. Nc3 Qxc5 4. e4 e5 5. Nd5 Ne7 6. Be3 Qc6 7. Bb5 Qd6 8.
Nf3 Nxd5 9. Qxd5 Qxd5 10. exd5 a6 11. Bd3 d6 12. c4 f5 13. Nd2 Nd7 14. f3 Nf6
15. O-O g6 16. Bb6 Bh6 17. Rad1 O-O 18. Bc7 Bxd2 19. Rxd2 e4 20. fxe4 fxe4 21.
Be2 e3 22. Rd3 Bg4 23. Rxe3 Bxe2 24. Rxe2 Ng4 25. Bxd6 Rxf1+ 26. Kxf1 Nxh2+ 27.
Bxh2 {Black resigns} 1-0

[Event "Team 45 45 League T98"]
[Site "Internet Chess Club"]
[Date "2023.12.09"]
[Round "4"]
[White "Portola"]
[Black "Packerfan"]
[Result "0-1"]
[WhiteElo "1698"]
[BlackElo "1722"]
[Opening "Queen's pawn game, Darooha variation "]
[ECO "D02"]
[Time "15:00:23"]
[PlyCount "94"]
[TimeControl "2700+45"]

1. d4 d5 2. Nf3 Nf6 3. c3 c5 4. e3 Nc6 5. Bd3 e6 6. Nbd2 cxd4 7. exd4 Bd6 8. O-O
O-O 9. Re1 Qc7 10. Nf1 h6 11. Bd2 e5 12. dxe5 Nxe5 13. Nxe5 Bxe5 14. h3 b6 15.
Qa4 Bb7 16. Qh4 Ne4 17. Be3 Bf6 18. Qg4 Qc8 19. Qf3 Qc6 20. Rad1 Rfe8 21. Ng3
Rad8 22. Nf5 Bc8 23. Nd4 Qd7 24. Bb5 Qd6 25. Bxe8 Rxe8 26. Nb5 Qd7 27. c4 a6 28.
Rxd5 Qc6 29. Nc3 Nxc3 30. bxc3 Bxc3 31. Red1 Be6 32. Rd8 Qa4 33. Bxb6 Bf6 34.
Rxe8+ Qxe8 35. Qe4 Qa4 36. Qf3 Bxc4 37. Bd8 Be5 38. Be7 f6 39. Rd8+ Kf7 40. Bc5
Qxa2 41. Rf8+ Ke6 42. Qc6+ Kf5 43. g4+ Kg5 44. Be3+ Kh4 45. Rd8 Qb1+ 46. Kg2
Qf1+ 47. Kf3 Qh1# {White checkmated} 0-1

[Event "Team 45 45 League T98"]
[Site "Internet Chess Club"]
[Date "2023.12.10"]
[Round "4"]
[White "isolani"]
[Black "cayo89"]
[Result "1-0"]
[WhiteElo "1503"]
[BlackElo "1509"]
[Opening "Old Indian: main line"]
[ECO "A55"]
[Time "08:00:32"]
[PlyCount "47"]
[TimeControl "2700+45"]

1. Nf3 d6 2. d4 Nf6 3. c4 Nbd7 4. Nc3 e5 5. e4 Be7 6. Be2 c6 7. O-O Qc7 8. Be3
Ng4 9. Bd2 h6 10. h3 Ngf6 11. Be3 Nf8 12. b4 g5 13. Rc1 Ng6 14. dxe5 dxe5 15. a3
a5 16. c5 g4 17. hxg4 Nxg4 18. Bc4 Be6 19. Nd5 Bxd5 20. exd5 cxd5 21. Qxd5 O-O
22. Qe4 Nf4 23. Bxf4 exf4 24. Qg6+ {Black resigns} 1-0

[Event "Team 45 45 League T98"]
[Site "Internet Chess Club"]
[Date "2023.12.11"]
[Round "4"]
[White "RD1974"]
[Black "burlap"]
[Result "0-1"]
[WhiteElo "1562"]
[BlackElo "1426"]
[Opening "QGD semi-Slav: Stoltz variation"]
[ECO "D45"]
[Time "15:30:27"]
[PlyCount "122"]
[TimeControl "2700+45"]

1. d4 d5 2. c4 c6 3. Nf3 Nf6 4. e3 e6 5. Nc3 Nbd7 6. Qc2 Bd6 7. Bd3 O-O 8. a3
dxc4 9. Bxc4 e5 10. d5 Nb6 11. Ba2 cxd5 12. Bb1 e4 13. Nd4 Be5 14. f4 Bxd4 15.
exd4 Bd7 16. O-O Re8 17. f5 e3 18. b3 Rc8 19. Qd3 Bb5 20. Nxb5 e2 21. Re1 Rxc1
22. Qd2 Rxe1+ 23. Qxe1 Qe7 24. Ra2 Ng4 25. h3 Qe3+ 26. Kh1 Nf2+ 27. Kh2 Nd3 28.
Bxd3 Qxd3 29. Nc3 Qxc3 30. Qxc3 e1=Q 31. Qxe1 Rxe1 32. Rc2 Re3 33. Rc7 Rxb3 34.
Rxb7 Kf8 35. Rxa7 Nc4 36. a4 Nb6 37. a5 Nc4 38. a6 Ra3 39. h4 Ne3 40. f6 gxf6
41. g3 Nf5 42. h5 Nxd4 43. Rd7 Rxa6 44. Rxd5 Ra2+ 45. Kh3 Nf3 46. h6 Ng5+ 47.
Kg4 Rh2 48. Rd8+ Ke7 49. Ra8 Ne4 50. Ra7+ Ke6 51. Kf4 f5 52. Ra6+ Ke7 53. Ra5
Rxh6 54. Ra7+ Kf6 55. Ra6+ Kg7 56. Ra5 Rg6 57. Ra3 h5 58. Kxf5 Nxg3+ 59. Kf4 h4
60. Kf3 h3 61. Kf2 h2 {White resigns} 0-1

[Event "Team 45 45 League T98"]
[Site "Internet Chess Club"]
[Date "2023.12.11"]
[Round "4"]
[White "Goli"]
[Black "fishhead"]
[Result "1-0"]
[WhiteElo "1835"]
[BlackElo "1750"]
[Opening "Sicilian: Alapin's variation (2.c3)"]
[ECO "B22"]
[Time "16:00:22"]
[PlyCount "77"]
[TimeControl "2700+45"]

1. e4 c5 2. c3 d5 3. exd5 Qxd5 4. d4 cxd4 5. cxd4 Nc6 6. Nf3 Bf5 7. Nc3 Qa5 8.
Bc4 e6 9. O-O Be7 10. d5 O-O-O 11. Qb3 Nb4 12. Nd4 Bg6 13. Bf4 exd5 14. Be2 Nf6
15. Rac1 Nc6 16. Nxc6 bxc6 17. Qb8+ Kd7 18. Qb7+ Ke8 19. Qxc6+ Kf8 20. Bc7 Rc8
21. Bxa5 Rxc6 22. Nxd5 Rxc1 23. Rxc1 Ne8 24. Nxe7 Kxe7 25. Bb4+ Kd8 26. Rd1+ Kc7
27. Ba5+ Kc6 28. a4 Nf6 29. Bb5+ Kb7 30. Bc3 Rc8 31. f3 a6 32. Bd3 Nd5 33. Bxa6+
Kxa6 34. Rxd5 Bc2 35. a5 g6 36. Kf2 Bb3 37. Rd6+ Ka7 38. Bd4+ Ka8 39. Ra6+
{Black resigns} 1-0

[Event "Team 45 45 League T98"]
[Site "Internet Chess Club"]
[Date "2023.12.08"]
[Round "4"]
[White "QuieroAprender"]
[Black "fhunfi"]
[Result "0-1"]
[WhiteElo "1637"]
[BlackElo "1738"]
[Opening "French defense"]
[ECO "C00"]
[Time "16:20:34"]
[PlyCount "84"]
[TimeControl "2700+45"]

1. e4 e6 2. g3 d5 3. exd5 exd5 4. Bg2 Nf6 5. d4 Be7 6. b3 O-O 7. a4 Re8 8. Ne2
Bg4 9. O-O Qd7 10. Be3 Bd6 11. c4 c6 12. c5 Bc7 13. b4 Bh3 14. Qb3 Bxg2 15. Kxg2
Qe7 16. Ra2 Ng4 17. Bf4 Bxf4 18. Nxf4 Qf6 19. Re2 Rxe2 20. Nxe2 Nd7 21. Qf3
Qxf3+ 22. Kxf3 Nxh2+ 23. Kg2 Nxf1 24. Kxf1 Re8 25. Na3 Nf6 26. Nc2 Ne4 27. f3
Nd2+ 28. Kf2 Nc4 29. Nc1 f6 30. Nd3 Kf7 31. b5 Ke6 32. Ndb4 Kd7 33. Nd3 g5 34.
g4 h5 35. gxh5 Rh8 36. f4 Rxh5 37. Kg3 Rh1 38. fxg5 fxg5 39. Ne5+ Nxe5 40. dxe5
Rh4 41. bxc6+ Kxc6 42. Ne3 Re4 {White resigns} 0-1

[Event "Team 45 45 League T98"]
[Site "Internet Chess Club"]
[Date "2023.12.07"]
[Round "4"]
[White "WillC"]
[Black "fireball"]
[Result "1-0"]
[WhiteElo "1591"]
[BlackElo "1550"]
[Opening "Queen's pawn game, Darooha variation "]
[ECO "D02"]
[Time "17:07:50"]
[PlyCount "117"]
[TimeControl "2700+45"]

1. d4 Nf6 2. Nf3 d5 3. b3 e6 4. Bb2 Be7 5. e3 O-O 6. Bd3 b6 7. O-O Bb7 8. Nbd2
Nbd7 9. c4 Ne4 10. Rc1 f5 11. cxd5 Bxd5 12. Qc2 Nxd2 13. Nxd2 c5 14. e4 Bb7 15.
exf5 exf5 16. Bxf5 Nf6 17. dxc5 Qd5 18. Nf3 Bxc5 19. Bxf6 Rxf6 20. Bxh7+ Kh8 21.
Rcd1 Qe6 22. Rfe1 Qg4 23. Be4 Rxf3 24. Bxb7 Rxf2 25. Qxc5 bxc5 26. Bxa8 Rxa2 27.
Rd8+ Kh7 28. Be4+ Kh6 29. Rd6+ g6 30. Rxg6+ Qxg6 31. Bxg6 Kxg6 32. Re5 Ra5 33.
Kf2 Kf6 34. Rd5 Ke6 35. Rh5 Kd6 36. g4 Rb5 37. Rh3 Ke5 38. Ke2 Rb4 39. Rg3 a5
40. g5 Rh4 41. Rg2 Rh3 42. g6 Rxb3 43. g7 Rb2+ 44. Kf3 Rb3+ 45. Kg4 Rb8 46. Kh5
Rg8 47. Kg6 c4 48. Ra2 c3 49. Rxa5+ Kd4 50. Ra7 Rc8 51. Rd7+ Ke3 52. Rd1 c2 53.
Rg1 c1=Q 54. Rxc1 Rxc1 55. h4 Rg1+ 56. Kf7 Kf4 57. h5 Rxg7+ 58. Kxg7 Kg5 59. h6
{Black resigns} 1-0

[Event "Team 45 45 League T98"]
[Site "Internet Chess Club"]
[Date "2023.12.07"]
[Round "4"]
[White "jfkingiii"]
[Black "ChessMaine"]
[Result "0-1"]
[WhiteElo "1508"]
[BlackElo "1452"]
[Opening "French: Fort Knox variation"]
[ECO "C10"]
[Time "17:30:20"]
[PlyCount "116"]
[TimeControl "2700+45"]

1. e4 e6 2. d4 d5 3. Nc3 dxe4 4. Nxe4 Bd7 5. Nf3 Bc6 6. Bd3 Nd7 7. O-O Ngf6 8.
Re1 Nxe4 9. Bxe4 Bxe4 10. Rxe4 Nf6 11. Re1 Be7 12. c3 O-O 13. Qe2 h6 14. Bf4 Bd6
15. Ne5 c5 16. Rad1 Qc7 17. Bg3 Qe7 18. c4 cxd4 19. Rxd4 Rfd8 20. Red1 Bc7 21.
Bh4 Rxd4 22. Rxd4 Rd8 23. Rxd8+ Qxd8 24. Ng4 Qd4 25. Bxf6 gxf6 26. Nxh6+ Kg7 27.
Qg4+ Qxg4 28. Nxg4 f5 29. Ne3 Kf6 30. g3 Ke5 31. Kf1 f4 32. Ng4+ Kf5 33. Nh6+
Kg6 34. Ng8 Bd8 35. gxf4 Kg7 36. b4 Kxg8 37. a4 Bc7 38. c5 Bxf4 39. Kg2 Bd2 40.
b5 Bb4 41. c6 bxc6 42. bxc6 Ba5 43. h4 Kg7 44. Kf3 Kg6 45. Kg3 Bc7+ 46. Kh3 Kh5
47. f3 Bf4 48. a5 a6 49. Kg2 Kxh4 50. Kf2 Bc7 51. Ke3 Kg5 52. Ke4 Kf6 53. Kd4
Bxa5 54. Ke4 Bc7 55. Kd4 Kf5 56. Ke3 a5 57. Ke2 Ke5 58. Ke3 Kd5 {White resigns}
0-1

[Event "Team 45 45 League T98"]
[Site "Internet Chess Club"]
[Date "2023.12.09"]
[Round "4"]
[White "Otelo"]
[Black "Alec-hine"]
[Result "0-1"]
[WhiteElo "1969"]
[BlackElo "2011"]
[Opening "Queen's gambit declined"]
[ECO "D30"]
[Time "16:01:05"]
[PlyCount "50"]
[TimeControl "2700+45"]

1. d4 d5 2. c4 e6 3. Nf3 a6 4. c5 b6 5. cxb6 c5 6. Nc3 cxd4 7. Nxd4 Qxb6 8. e3
Nf6 9. Bd3 Be7 10. O-O O-O 11. a3 Bb7 12. b4 Nbd7 13. Bb2 Qa7 14. Rc1 Ne5 15.
Be2 Rac8 16. Na4 Rxc1 17. Qxc1 Rc8 18. Qd1 Nc4 19. Bxc4 Rxc4 20. Nb3 Bc6 21.
Nac5 Bxc5 22. bxc5 Ba4 23. Bd4 Qb8 24. Qd3 Qxb3 25. Rb1 Rc1+ {White resigns} 0-1

[Event "Team 45 45 League T98"]
[Site "Internet Chess Club"]
[Date "2023.12.08"]
[Round "4"]
[White "timcent"]
[Black "Lawkeito"]
[Result "1/2-1/2"]
[WhiteElo "1928"]
[BlackElo "1839"]
[Opening "QGD: Cambridge Springs defense, Yugoslav variation"]
[ECO "D52"]
[Time "19:01:06"]
[PlyCount "131"]
[TimeControl "2700+45"]

1. d4 d5 2. c4 c6 3. Nf3 Nf6 4. Nc3 e6 5. Bg5 Nbd7 6. e3 Qa5 7. cxd5 Nxd5 8. Qd2
Bb4 9. Rc1 Nxc3 10. bxc3 Ba3 11. Rb1 b6 12. Bd3 Ba6 13. O-O Bxd3 14. Qxd3 O-O
15. e4 Rfe8 16. Bh4 Bf8 17. Nd2 Qh5 18. Bg3 c5 19. f4 Rad8 20. Qa6 cxd4 21. cxd4
Nb8 22. Qxa7 Nc6 23. Qa6 Nxd4 24. Nf3 Bc5 25. Kh1 Ra8 26. Qc4 Red8 27. Rbd1 Nxf3
28. Rxd8+ Rxd8 29. Rxf3 Rd4 30. Qe2 f5 31. exf5 Qxf5 32. h3 Qd5 33. Be1 Re4 34.
Qd2 Qxd2 35. Bxd2 Ra4 36. Be3 Rxa2 37. Bxc5 bxc5 38. Rc3 Ra5 39. g4 Kf7 40. Kg2
Ke7 41. Kf3 Kd6 42. Rd3+ Kc6 43. Ke4 c4 44. Rc3 Rc5 45. Kd4 Kb5 46. Rc1 Rd5+ 47.
Ke4 g6 48. Rb1+ Ka4 49. f5 gxf5+ 50. gxf5 Rxf5 51. Kd4 Rf4+ 52. Kc3 Rf3+ 53.
Kxc4 Rxh3 54. Ra1+ Ra3 55. Rh1 Ka5 56. Rxh7 Re3 57. Kd4 Re1 58. Rb7 Ka6 59. Rb2
Ka5 60. Rb8 Ka4 61. Rb7 Ka3 62. Rb8 Ka2 63. Rb7 Re2 64. Kd3 Re5 65. Kd4 Rd5+ 66.
Ke4 {Game drawn by mutual agreement} 1/2-1/2

[Event "Team 45 45 League T98"]
[Site "Internet Chess Club"]
[Date "2023.12.11"]
[Round "4"]
[White "VictorRed"]
[Black "trombone"]
[Result "0-1"]
[WhiteElo "1659"]
[BlackElo "1776"]
[Opening "QGD: Tarrasch defense"]
[ECO "D32"]
[Time "10:08:06"]
[PlyCount "66"]
[TimeControl "2700+45"]

1. d4 d5 2. c4 e6 3. cxd5 exd5 4. Nf3 c5 5. Nc3 Nc6 6. e3 c4 7. e4 Bb4 8. e5 Bg4
9. Be2 Nge7 10. O-O O-O 11. Bg5 Qd7 12. Qd2 h6 13. Be3 b5 14. Ne1 Bxe2 15. Qxe2
a6 16. Nc2 f6 17. f4 Ba5 18. a3 Bb6 19. Rad1 Rae8 20. Qd2 Nf5 21. Bf2 h5 22. h3
g6 23. Kh2 Kg7 24. Ne2 Qa7 25. g4 hxg4 26. hxg4 Rh8+ 27. Kg2 Nh4+ 28. Kg3 Rh6
29. exf6+ Kf7 30. Rh1 Reh8 31. Rhe1 Bc7 32. Ng1 Qb8 33. Qe2 Bxf4+ {White
resigns} 0-1

[Event "Team 45 45 League T98"]
[Site "Internet Chess Club"]
[Date "2023.12.14"]
[Round "4"]
[White "DaveTheRook"]
[Black "THE-WARRIOR"]
[Result "0-1"]
[WhiteElo "1452"]
[BlackElo "1532"]
[Opening "QGD: 4.Nf3"]
[ECO "D37"]
[Time "19:00:22"]
[PlyCount "110"]
[TimeControl "2700+45"]

1. d4 d5 2. c4 e6 3. Nc3 Nf6 4. Nf3 Nbd7 5. cxd5 exd5 6. Bg5 Be7 7. e3 O-O 8.
Bd3 c6 9. O-O Re8 10. Qc2 h6 11. Bh4 Bd6 12. Bg3 Bxg3 13. hxg3 Ng4 14. Bh7+ Kh8
15. Bf5 Nf8 16. Bxg4 Bxg4 17. Ne5 Be6 18. f4 Qf6 19. f5 Bc8 20. Qf2 Nd7 21. Nxd7
Bxd7 22. Rae1 b6 23. Qf4 Bc8 24. Qh4 Qg5 25. Qxg5 hxg5 26. g4 Ba6 27. Rf3 Rad8
28. Rh3+ Kg8 29. Kf2 Bd3 30. Reh1 f6 31. Rh8+ Kf7 32. R8h7 Re7 33. Rh8 Rde8 34.
Rxe8 Rxe8 35. Rh7 Kg8 36. Rh3 g6 37. fxg6 Bxg6 38. a3 Kg7 39. Rf3 Bf7 40. Rh3
Be6 41. Kf3 f5 42. gxf5 Bxf5 43. Rh1 Rf8 44. Kg3 Bd3 45. Rc1 Kg6 46. Rh1 Bc4 47.
Re1 c5 48. dxc5 bxc5 49. Na4 Rc8 50. Rc1 Kf5 51. b3 Bxb3 52. Nxc5 Bc4 53. Nb3
Ke4 54. Kf2 Rf8+ 55. Kg3 Bxb3 {White resigns} 0-1

[Event "Team 45 45 League T98"]
[Site "Internet Chess Club"]
[Date "2023.12.11"]
[Round "4"]
[White "primerpaso"]
[Black "BuddyT"]
[Result "0-1"]
[WhiteElo "1777"]
[BlackElo "1743"]
[Opening "English: Anglo-Grünfeld defense"]
[ECO "A16"]
[Time "14:01:52"]
[PlyCount "94"]
[TimeControl "2700+45"]

1. c4 Nf6 2. Nc3 d5 3. cxd5 Nxd5 4. g3 e5 5. Bg2 Nb6 6. Nf3 Nc6 7. O-O Be7 8. d3
O-O 9. Be3 Re8 10. Na4 Bf8 11. Rc1 Nd4 12. Nc5 Nxf3+ 13. Bxf3 Nd5 14. Bd2 c6 15.
Qc2 Rb8 16. Nb3 Bh3 17. Rfd1 Rc8 18. d4 Bd6 19. dxe5 Bxe5 20. Nc5 Qe7 21. b4 g6
22. Nd3 Bg7 23. Qc5 h5 24. Qxe7 Rxe7 25. e4 Nc7 26. Bg5 Ree8 27. Be3 Nb5 28. Nf4
Bg4 29. Kg2 Bxf3+ 30. Kxf3 Nc3 31. Rd7 Nxa2 32. Rb1 Nc3 33. Rb3 Nxe4 34. Rxb7
Bd4 35. Rd3 c5 36. Nd5 Kf8 37. Bxd4 cxd4 38. Rxd4 Nd6 39. Rd7 Nb5 40. Rf4 f5 41.
Rb7 Rb8 42. Rh7 Rbd8 43. Ne3 Nd4+ 44. Kg2 g5 45. Rxd4 Rxd4 46. Nxf5 Rd2 47. Nh6
Re7 {White resigns} 0-1

[Event "Team 45 45 League T98"]
[Site "Internet Chess Club"]
[Date "2023.12.10"]
[Round "4"]
[White "fishhead"]
[Black "Portola"]
[Result "1-0"]
[WhiteElo "1763"]
[BlackElo "1684"]
[Opening "French: Rubinstein variation"]
[ECO "C10"]
[Time "09:00:26"]
[PlyCount "82"]
[TimeControl "2700+45"]

1. e4 e6 2. d4 d5 3. Nc3 dxe4 4. Nxe4 Be7 5. Nf3 Nd7 6. Bd3 Ngf6 7. O-O O-O 8.
c4 c6 9. h3 b6 10. Bf4 Bb7 11. Nd6 Bxd6 12. Bxd6 Re8 13. Ne5 c5 14. Nxd7 Qxd7
15. dxc5 bxc5 16. Be5 Qe7 17. Qe2 Red8 18. Rad1 Bc6 19. Bb1 h6 20. Rxd8+ Rxd8
21. Rd1 Rxd1+ 22. Qxd1 Qd7 23. Qd6 Qxd6 24. Bxd6 Nd7 25. f3 g6 26. Kf2 f5 27.
Ke3 Kf7 28. g4 Kf6 29. gxf5 exf5 30. b4 cxb4 31. Bxb4 Ke6 32. f4 h5 33. Kd4 Ba4
34. Bd3 Bc6 35. c5 Nf6 36. a3 Bg2 37. Bc4+ Bd5 38. Bb5 Bb7 39. c6 Bc8 40. Bc4+
Nd5 41. Bxd5+ Kf6 {Black resigns} 1-0

[Event "Team 45 45 League T98"]
[Site "Internet Chess Club"]
[Date "2023.12.10"]
[Round "4"]
[White "julesraider"]
[Black "walkover"]
[Result "1/2-1/2"]
[WhiteElo "1597"]
[BlackElo "1733"]
[Opening "Nimzo-Indian: classical, Milner-Barry (Zurich) variation"]
[ECO "E33"]
[Time "11:02:04"]
[PlyCount "54"]
[TimeControl "2700+45"]

1. d4 Nf6 2. c4 e6 3. Nc3 Bb4 4. Qc2 Nc6 5. Nf3 d6 6. a3 Bxc3+ 7. Qxc3 O-O 8. e3
Re8 9. Be2 e5 10. O-O e4 11. Nd2 d5 12. b4 a6 13. Bb2 Bf5 14. Rac1 Ne7 15. Qb3
c6 16. a4 Ng6 17. b5 axb5 18. axb5 Qd7 19. Ra1 Ng4 20. Rxa8 Rxa8 21. bxc6 bxc6
22. cxd5 cxd5 23. Ba3 Qc7 24. Bxg4 Bxg4 25. Rc1 Qa7 26. Bc5 Qd7 27. Rb1 h5 {Game
drawn by mutual agreement} 1/2-1/2

[Event "Team 45 45 League T98"]
[Site "Internet Chess Club"]
[Date "2023.12.08"]
[Round "4"]
[White "iSeba"]
[Black "room-matt"]
[Result "1/2-1/2"]
[WhiteElo "2025"]
[BlackElo "1833"]
[Opening "Giuoco Pianissimo: Canal variation"]
[ECO "C50"]
[Time "14:13:20"]
[PlyCount "80"]
[TimeControl "2700+45"]

1. e4 e5 2. Nf3 Nc6 3. Bc4 Bc5 4. Nc3 Nf6 5. d3 d6 6. Bg5 h6 7. Bxf6 Qxf6 8. Nd5
Qd8 9. c3 a6 10. b4 Ba7 11. O-O O-O 12. h3 Be6 13. a4 Ne7 14. Nxe7+ Qxe7 15. Bb3
Kh8 16. Re1 Bd7 17. d4 Rad8 18. Qe2 Qf6 19. dxe5 dxe5 20. Rad1 b5 21. axb5 Bxb5
22. c4 Bc6 23. c5 Bb5 24. Bc4 c6 25. Bxb5 axb5 26. Ra1 Rd7 27. Red1 Rfd8 28.
Rxd7 Rxd7 29. Qb2 Bb8 30. Qb3 Qf4 31. Qe3 Qf6 32. Qb3 Qf4 33. Ra8 Rd8 34. g3
Qxe4 35. Qxf7 Qxb4 36. Qe7 Rg8 37. Nh4 Qe1+ 38. Kg2 Qe4+ 39. Kh2 Qc2 40. Kg2
Qe4+ {Game drawn by mutual agreement} 1/2-1/2

[Event "Team 45 45 League T98"]
[Site "Internet Chess Club"]
[Date "2023.12.12"]
[Round "4"]
[White "bobhill"]
[Black "ElValero"]
[Result "1-0"]
[WhiteElo "1883"]
[BlackElo "1610"]
[Opening "Queen's bishop game"]
[ECO "D02"]
[Time "08:00:50"]
[PlyCount "91"]
[TimeControl "2700+45"]

1. d4 d5 2. Nf3 Nf6 3. Bf4 e6 4. e3 Nbd7 5. Bd3 c5 6. c3 Be7 7. Nbd2 O-O 8. O-O
b6 9. Ne5 Nxe5 10. Bxe5 a5 11. Qe2 c4 12. Bc2 b5 13. Nf3 b4 14. Ng5 h6 15. Bxf6
Bxf6 16. Nh7 Re8 17. Nxf6+ Qxf6 18. f4 Ba6 19. Qh5 Rab8 20. Rf3 bxc3 21. bxc3
Rb2 22. Rf2 Reb8 23. g4 Bc8 24. g5 Qe7 25. gxh6 g6 26. h7+ Kh8 27. Qh6 Bd7 28.
h4 Qf8 29. Qg5 Qd8 30. Qe5+ f6 31. Qd6 R8b6 32. Qa3 f5 33. Rh2 Kxh7 34. Kh1 Kg7
35. Rg1 Kf7 36. Rg5 Rb8 37. Rhg2 Qh8 38. h5 gxh5 39. Rh2 h4 40. Qd6 R8b7 41.
Rhg2 h3 42. Re2 Rxa2 43. Bxf5 Rb1+ 44. Bxb1 Rxe2 45. Qxd7+ Kf6 46. Rg6# {Black
checkmated} 1-0

[Event "Team 45 45 League T98"]
[Site "Internet Chess Club"]
[Date "2023.12.08"]
[Round "4"]
[White "QuieroAprender"]
[Black "Beetlejuice"]
[Result "1-0"]
[WhiteElo "1650"]
[BlackElo "1679"]
[Opening "Dutch"]
[ECO "A80"]
[Time "10:32:08"]
[PlyCount "115"]
[TimeControl "2700+45"]

1. d4 f5 2. Bf4 Nf6 3. Nd2 d6 4. Ngf3 g6 5. e3 Bg7 6. c3 Nc6 7. Bb5 Bd7 8. h3 e6
9. O-O Qe7 10. Re1 a6 11. Ba4 d5 12. Bxc7 O-O 13. c4 dxc4 14. Bb6 Rfc8 15. Nxc4
Nxd4 16. exd4 Rxc4 17. Bb3 Rcc8 18. d5 Ne4 19. Bd4 Kh8 20. Bxg7+ Kxg7 21. Qd4+
Qf6 22. dxe6 Bb5 23. Qxf6+ Kxf6 24. Nd4 Bc4 25. Bc2 Nc5 26. e7 Re8 27. b4 Ne6
28. Nxe6 Bxe6 29. Re3 Rxe7 30. Rae1 Rae8 31. a3 Bd5 32. Rxe7 Rxe7 33. Rxe7 Kxe7
34. f4 Kd6 35. Kf2 Ba2 36. Ke3 Kd5 37. g4 fxg4 38. hxg4 Bc4 39. Be4+ Kd6 40.
Bxb7 h5 41. gxh5 gxh5 42. Kf3 Ke6 43. Bc8+ Kf6 44. Kg3 Bb5 45. Kh4 Be2 46. f5
Kf7 47. Kg5 Kf8 48. f6 Kf7 49. Bb7 Kf8 50. Be4 Kf7 51. Bg6+ Ke6 52. f7 Ke7 53.
a4 Kf8 54. a5 Kg7 55. Bxh5 Bc4 56. Kf5 Bb5 57. Ke6 Bc4+ 58. Ke7 {Black resigns}
1-0

[Event "Team 45 45 League T98"]
[Site "Internet Chess Club"]
[Date "2023.12.07"]
[Round "4"]
[White "QuieroAprender"]
[Black "VictorRed"]
[Result "1/2-1/2"]
[WhiteElo "1631"]
[BlackElo "1674"]
[Opening "Queen's pawn, Mason variation"]
[ECO "D00"]
[Time "18:10:07"]
[PlyCount "120"]
[TimeControl "2700+45"]

1. d4 d5 2. Bf4 c6 3. c3 Nf6 4. Nf3 g6 5. e3 Bg7 6. Nbd2 Bg4 7. Be2 O-O 8. h3
Bf5 9. g4 Bc8 10. Ne5 Nbd7 11. g5 Ne8 12. Ndf3 Nc7 13. h4 f6 14. Nxd7 Bxd7 15.
h5 Ne6 16. hxg6 hxg6 17. Qc2 Nxf4 18. exf4 f5 19. Ne5 Bxe5 20. fxe5 e6 21. Rh6
Qxg5 22. Rh3 Qg1+ 23. Bf1 Kg7 24. O-O-O Qg5+ 25. Kb1 Rh8 26. Rg3 Qe7 27. f4 Rh4
28. Qf2 Rah8 29. Bg2 b6 30. Rg1 R8h6 31. Rg5 Be8 32. Qg3 Kh7 33. Bf3 Rh3 34. Qf2
c5 35. R1g3 cxd4 36. cxd4 Rh2 37. Qg1 Qb4 38. Rg2 Rxg2 39. Rxg2 a5 40. Rh2 a4
41. Rxh6+ Kxh6 42. a3 Qd2 43. Qg5+ Kg7 44. Qf6+ Kg8 45. Qxe6+ Bf7 46. Qc8+ Kg7
47. Ka2 Qxf4 48. e6 Bxe6 49. Qxe6 Qxf3 50. Qxb6 Qb3+ 51. Qxb3 axb3+ 52. Kxb3 f4
53. Kc3 Kf7 54. b4 Ke7 55. b5 f3 56. Kd3 g5 57. Ke3 g4 58. Kf2 Kd7 59. a4 Kc7
60. a5 Kb7 {Game drawn by mutual agreement} 1/2-1/2

[Event "Team 45 45 League T98"]
[Site "Internet Chess Club"]
[Date "2023.12.12"]
[Round "4"]
[White "fireball"]
[Black "kabindra"]
[Result "0-1"]
[WhiteElo "1542"]
[BlackElo "1749"]
[Opening "Sicilian: Smith-Morra gambit"]
[ECO "B21"]
[Time "18:01:50"]
[PlyCount "98"]
[TimeControl "2700+45"]

1. e4 c5 2. d4 cxd4 3. c3 dxc3 4. Nxc3 e6 5. Nf3 Nc6 6. Bc4 d6 7. O-O Be7 8. Qe2
Nf6 9. Rd1 Qc7 10. Bg5 a6 11. Rac1 Qb8 12. Bb3 O-O 13. Na4 h6 14. Be3 Bd8 15.
Bb6 Nd7 16. Be3 Na5 17. Bc2 b5 18. Nc3 Nc4 19. Bb1 Nxe3 20. Qxe3 Ne5 21. Ne2
Nxf3+ 22. Qxf3 e5 23. Qg3 Bg5 24. Rc3 Be6 25. b3 Qb6 26. h4 Be7 27. Kh1 b4 28.
Rcd3 f5 29. f3 f4 30. Qe1 a5 31. g3 fxg3 32. Qxg3 Qd8 33. Rg1 Rf7 34. Qg6 Bd7
35. Qxh6 Bb5 36. Rd2 Bxh4 37. Rg2 Qf6 38. Qxf6 Rxf6 39. Ng1 Be1 40. Rd1 Bc3 41.
Bd3 Bxd3 42. Rxd3 Bd4 43. Ne2 Bc5 44. Rg4 Kf7 45. Ng3 Rh8+ 46. Kg2 Rfh6 47. Nf5
Rh2+ 48. Kf1 Rh1+ 49. Ke2 R8h2+ {White resigns} 0-1

[Event "Team 45 45 League T98"]
[Site "Internet Chess Club"]
[Date "2023.12.11"]
[Round "4"]
[White "seattleblues"]
[Black "Andressa"]
[Result "0-1"]
[WhiteElo "1336"]
[BlackElo "1308"]
[Opening "QGD: 4.Nf3"]
[ECO "D37"]
[Time "21:19:01"]
[PlyCount "86"]
[TimeControl "2700+45"]

1. d4 d5 2. Nf3 Nf6 3. c4 e6 4. Nc3 Nc6 5. Bf4 Bd6 6. Ne5 O-O 7. e3 h6 8. Bd3 a6
9. O-O Nb4 10. Be2 Rb8 11. a3 Nc6 12. c5 Bxe5 13. dxe5 Nd7 14. b4 Ncxe5 15. Bxe5
Nxe5 16. Qd4 Nc6 17. Qd3 Qf6 18. Bd1 Ne5 19. Qd4 Nc6 20. Qxf6 gxf6 21. f4 Rd8
22. Bc2 Kg7 23. Rad1 Ne7 24. g4 e5 25. f5 b6 26. Na4 b5 27. Nb2 Bb7 28. Nd3 d4
29. exd4 Rxd4 30. Nf2 Rbd8 31. Rfe1 Bf3 32. Rxd4 Rxd4 33. h3 Rd2 34. Bd1 Bxd1
35. Rxd1 Ra2 36. Rd3 Nc6 37. Ne4 Nd4 38. Nc3 Ra1+ 39. Kf2 Rxa3 40. Re3 Rb3 41.
Nd5 Rb2+ 42. Kg3 c6 43. Nb6 Rxb4 {White resigns} 0-1

[Event "Team 45 45 League T98"]
[Site "Internet Chess Club"]
[Date "2023.12.10"]
[Round "4"]
[White "clarinetref"]
[Black "ElValero"]
[Result "0-1"]
[WhiteElo "1490"]
[BlackElo "1616"]
[Opening "Scandinavian (center counter) defense"]
[ECO "B01"]
[Time "19:01:07"]
[PlyCount "28"]
[TimeControl "2700+45"]

1. e4 d5 2. exd5 Qxd5 3. Nf3 Bg4 4. Be2 e6 5. O-O Nf6 6. Nc3 Qd8 7. d3 Be7 8. h3
Bh5 9. Bf4 O-O 10. Ne5 Bxe2 11. Qxe2 Nbd7 12. d4 Nxe5 13. dxe5 Nd5 14. Ne4 Nxf4
{White resigns} 0-1